 Dungeon Crawl Stone Soup version 0.25.0-9-g26727b657a (webtiles) character file.

Game seed: 8132920889734214542

36 futacatgirl the Ruffian (level 3, 0/29 HPs)
             Began as a Draconian Transmuter on June 19, 2020.
             Slain by an orc
             ... wielding a +0 mace
              (5 damage)
             ... on level 2 of the Dungeon.
             The game lasted 00:03:08 (1383 turns).

futacatgirl the Ruffian (Draconian Transmuter)      Turns: 1383, Time: 00:03:09

Health: 0/29       AC:  7    Str: 12    XL:     3   Next: 19%
Magic:  6/6        EV: 12    Int: 14    God:
Gold:   118        SH:  0    Dex: 11    Spells: 2/6 levels left

rFire    . . .     SeeInvis .     - Unarmed
rCold    . . .     Gourm    .   (no shield)
rNeg     . . .     Faith    .   (armour unavailable)
rPois    .         Spirit   .   h - +2 hat
rElec    .         Reflect  .   (no cloak)
rCorr    .         Harm     .   (no gloves)
MR       .....                  (no boots)
Stlth    +.........             (no amulet)
HPRegen  0.09/turn              (no ring)
MPRegen  0.10/turn              (no ring)

@: no status effects
A: unfitting armour, cold-blooded, AC +5
a: no special abilities


You were on level 2 of the Dungeon.
You were hungry.

You visited 1 branch of the dungeon, and saw 2 of its levels.

You collected 118 gold pieces.


Innate Abilities, Weirdness & Mutations

Your plain brown scales are hard. (AC +5)
You cannot fit into any form of body armour.
You are cold-blooded and may be slowed by cold attacks.


   Skills:
 + Level 1.7 Fighting
 + Level 2.1 Dodging
 * Level 3.6 Unarmed Combat
 - Level 2.0 Spellcasting
 + Level 2.3 Transmutations


You had 2 spell levels left.
You knew the following spells:

 Your Spells              Type           Power        Failure   Level  Hunger
e - Beastly Appendage     Tmut           #.....       9%          1    ##.....
s - Spider Form           Tmut/Pois      #.........   41%         3    ####...

Your spell library contained the following spells:

 Spells                   Type           Power        Failure   Level  Hunger
 Sticks to Snakes         Tmut           #.......     14%         2    ###....
 Ice Form                 Ice/Tmut       #.......     82%         4    #####..
 Blade Hands              Tmut           #.........   94%         5    ######.

Inventory:

Missiles
 a - 33 arrows
Armour
 h - a +2 hat (worn)
Jewellery
 C - an uncursed ring of ice
Scrolls
 b - a scroll of blinking {unknown}
 e - 2 scrolls of identify {unknown}
 g - a scroll of enchant weapon {unknown}
Comestibles
 c - 4 rations {@e1}
 d - a chunk of flesh

Dungeon Overview and Level Annotations

Branches:
Dungeon (2/15)

Altars:
Ashenzari

##.#.#### #.......#
........# #........
#.......< #........
#........ #@......#
#o......# #.......#
..........##รท.......
....$....##......#..
.........##.#.#..... ##.
.........#..#...#..# .?..
.........#.##.....###....
.........#)#...#####.....


You could see an orc.


Message History

You closely miss the orc. The orc closely misses you.
You closely miss the orc. The orc hits you with a +0 falchion.
* * * LOW HITPOINT WARNING * * *
You hit the orc.
The orc is almost dead.
The orc hits you with a +0 falchion.
* * * LOW HITPOINT WARNING * * *
You hit the orc.
You kill the orc!
Unknown command.
You hit the orc but do no damage.
The orc is lightly wounded.
The orc hits you with a +0 mace.
* * * LOW HITPOINT WARNING * * *
You closely miss the orc.
The orc is lightly wounded.
The orc barely misses you.
You hit the orc. You punch the orc, but do no damage.
The orc is moderately wounded.
The orc hits you with a +0 mace.
* * * LOW HITPOINT WARNING * * *
You closely miss the orc.
The orc is moderately wounded.
The orc hits you with a +0 mace.
* * * LOW HITPOINT WARNING * * *
You are feeling hungry.
You see here a rat skeleton.
There is a stone staircase leading up here.
The orc hits you with a +0 mace.
You die...

Skill      XL: |  1  2 |
---------------+-------+-----
Dodging        | 2 |  2.1
Fighting       | |  1.7
Unarmed Combat | |  3.6
Spellcasting   | |  2.0
Transmutations | |  2.3

Action                   || total
-------------------------++-------
Melee: Unarmed           ||    92
       Tailslap          ||     9
       Punch             ||     1
  Eat: Chunk             ||     1
Armor: Skin              ||    29
Dodge: Dodged            ||    43

Levels and vault maps discovered:
D:1:      minmay_arrival_split_and_join, layout_basic, evilmike_ruin_ashenzari
D:2:      layout_rooms, nicolae_overflow_crystal_walls

Notes
Turn   | Place    | Note
-------+----------+-------------------------------------------
     0 | D:1      | futacatgirl the Draconian Transmuter began the quest for
                  | the Orb.
     0 | D:1      | Reached XP level 1. HP: 16/16 MP: 3/3
   491 | D:1      | Reached XP level 2. HP: 20/23 MP: 5/5
   576 | D:1      | Found a shattered altar of Ashenzari.
   588 | D:1      | Reached skill level 2 in Dodging
  1240 | D:2      | Reached XP level 3. HP: 22/29 MP: 6/6
  1249 | D:2      | Learned a level 3 spell: Spider Form
  1383 | D:2      | Slain by an orc

Vanquished Creatures
  An adder (D:2)
  4 orcs (D:2)
  3 giant cockroaches
  A goblin (D:1)
  3 hobgoblins (D:1)
  4 kobolds
  2 bats (D:1)
  A frilled lizard (D:1)
  4 rats
23 creatures vanquished.

Table legend:
 A = Turns spent in this place as a percentage of turns spent in the entire game.
 B = Non-inter-level travel turns spent in this place as a percentage of non-inter-level travel turns spent in the entire game.
 C = Inter-level travel turns spent in this place as a percentage of turns spent in this place.
 D = Turns resting spent in this place as a percentage of non-inter-level travel turns spent in this place.
 E = Turns spent auto-exploring this place as a percentage of non-inter-level travel turns spent in this place.
 F = Non-inter-level travel turns spent in this place divided by the number of levels of this place that you've seen.
                   A       B       C       D       E      F
               +-------+-------+-------+-------+-------+----------------------
         Total | 100.0 | 100.0 |   4.2 |   8.2 |  76.8 | 662.5
       Dungeon | 100.0 | 100.0 |   4.2 |   8.2 |  76.8 | 662.5
               +-------+-------+-------+-------+-------+----------------------

Table legend:
 A = Non-vault XP
 B = Vault XP
 C = Vault XP percentage of total XP
 D = Non-vault monster count
 E = Vault monster count
 F = Vault count percentage of total count
                 A         B        C        D         E       F
            +---------+---------+-------+---------+---------+-------
      Total |      52 |       0 |   0.0 |      23 |       0 |   0.0
            +---------+---------+-------+---------+---------+-------
        D:1 |      21 |       0 |   0.0 |      13 |       0 |   0.0
        D:2 |      31 |       0 |   0.0 |      10 |       0 |   0.0
            +---------+---------+-------+---------+---------+-------
